 Dungeon Crawl Stone Soup version 0.17.1-2-g5865329 (webtiles) character file.

121 Grim the Vexing (level 4, 14/35 HPs)
             Began as a Centaur Arcane Marksman on Feb 1, 2016.
             Was an Initiate of Okawaru.
             Quit the game on level 4 of the Dungeon.
             The game lasted 00:10:19 (3403 turns).

Grim the Vexing (Centaur Arcane Marksman)           Turns: 3403, Time: 00:10:19

Health: 14/35      AC:  4    Str: 14    XL:     4   Next: 77%
Magic:  5/5        EV:  9    Int: 13    God:    Okawaru [......]
Gold:   235        SH:  0    Dex:  8    Spells: 2 memorised, 2 levels left

rFire  . . .     SeeInvis .     a - +0 shortbow
rCold  . . .     Clarity  .     b - +0 robe
rNeg   . . .     SustAt   .     (shield currently unavailable)
rPois  .         Gourm    .     (no helmet)
rElec  .         Spirit   .     (no cloak)
rCorr  .         Warding  .     (no gloves)
rMut   .         Stasis   .     (no barding)
MR     .....                    (no amulet)
Stlth  +.........               (no ring)
                                (no ring)

@: very quick, not resistant to hostile enchantments, very unstealthy
A: hooves 3, deformed body, speed 2, tough skin 3
a: Renounce Religion


You were on level 4 of the Dungeon.
You worshipped Okawaru.
Okawaru was noncommittal.
You were not hungry.

You visited 1 branch of the dungeon, and saw 6 of its levels.

You collected 235 gold pieces.

Inventory:

Hand Weapons
 a - a +0 shortbow (weapon)
Missiles
 d - 25 arrows (quivered)
Armour
 b - a +0 robe (worn)
Jewellery
 t - a cursed -2 ring of strength {unknown}
Wands
 w - a wand of lightning (2)
Scrolls
 g - 2 scrolls of amnesia {unknown}
 h - a scroll of recharging {unknown}
 j - 2 scrolls of remove curse {unknown}
 l - a scroll of teleportation
 m - 2 scrolls of fear {unknown}
 r - a scroll of enchant weapon {unknown}
 u - a scroll of random uselessness {unknown}
Potions
 f - 2 potions of degeneration {unknown}
 i - a potion of heal wounds {unknown}
 k - 2 potions of agility {unknown}
 n - a potion of curing {unknown}
 o - a potion of might {unknown}
 s - a potion of poison {unknown}
 v - 2 potions of cancellation {unknown}
Books
 c - a book of Debilitation

   Spells                             Type                      Level
   a - Corona                         Hexes                        1
   b - Slow                           Hexes                        2
   c - Gell's Gravitas                Hexes/Translocation          3
   d - Inner Flame                    Hexes/Fire                   3
   e - Cause Fear                     Hexes                        4
   f - Leda's Liquefaction            Hexes/Earth                  4
Comestibles
 e - a bread ration
 p - 2 chunks of flesh
 q - a meat ration
 x - a slice of pizza


   Skills:
 - Level 1.0 Fighting
 - Level 4.0 Bows
 - Level 1.3 Dodging
 - Level 1.0 Spellcasting
 * Level 4.5 Hexes


You had 2 spell levels left.
You knew the following spells:

 Your Spells              Type           Power        Failure   Level  Hunger
a - Corona                Hex            ##.....      6%          1    ##.....
b - Slow                  Hex            ##......     10%         2    ###....


Dungeon Overview and Level Annotations

Branches:
Dungeon (6/15)             Temple (0/1) D:6

Altars:
Kikubaaqudgha
Okawaru
Ru


Innate Abilities, Weirdness & Mutations

You have hooves in place of feet.
Armour fits poorly on your strangely shaped body.
You cover ground very quickly.
You have extremely tough skin (AC +3).


Message History

v - 2 green potions (gained 1)
The orc shouts!
The jackal completely misses you.
The jackal bites you but does no damage.
Read which item? (? for menu, Esc to quit)
Okay, then.
Read which item? (? for menu, Esc to quit)
As you read the scroll of teleportation, it crumbles to dust.
You feel strangely unstable.
The jackal splashes around in the water.
The jackal bites you but does no damage. x2
The jackal splashes around in the water.
There is a dry fountain here.
Your surroundings suddenly seem different. 2 orcs come into view.
The orc shouts!
An orc priest comes into view.
The orc priest shouts!
You see here 2 needles of paralysis.
Are you sure you want to abandon this character and quit the game? (Confirm with "yes".)

#<###. #.#.. #.#.# # .
#.#.##.##.# #>###..........
#.......##..###
####################..##..# #
.............†######..##..###
#####.÷....@..............##
# #.######.....(..o...o..#
#.#######.# ########.........
#..>......# ######....
########### #.... #.### #..
###


There were no monsters in sight!

Vanquished Creatures
  A scorpion (D:4)
  An adder (D:4)
  An ooze (D:2)
  2 worms (D:2)
  A giant gecko (D:2)
  An orc (D:2)
  3 bats
  5 giant cockroaches
  13 hobgoblins
  2 jackals (D:1)
  A quokka (D:2)
  A ball python skeleton (D:4)
  A giant newt (D:2)
  6 goblins
  8 kobolds
  5 rats
52 creatures vanquished.

Notes
Turn   | Place    | Note
--------------------------------------------------------------
     0 | D:1      | Grim the Centaur Arcane Marksman began the quest for the Orb.
     0 | D:1      | Reached XP level 1. HP: 16/16 MP: 2/2
    62 | D:1      | Reached skill level 3 in Bows
   386 | D:1      | Reached XP level 2. HP: 23/23 MP: 0/3
  1758 | D:2      | Reached XP level 3. HP: 28/28 MP: 2/4
  1941 | D:2      | Reached skill level 4 in Bows
  2022 | D:2      | Found a sacrificial altar of Ru.
  2100 | D:2      | Found an iron altar of Okawaru.
  2129 | D:2      | Became a worshipper of Warmaster Okawaru
  3006 | D:2      | Learned a level 2 spell: Slow
  3012 | D:3      | Reached XP level 4. HP: 35/35 MP: 1/5
  3093 | D:3      | You fall through a shaft for 3 floors!
  3096 | D:6      | Found a staircase to the Ecumenical Temple.
  3132 | D:6      | Noticed a sky beast
  3156 | D:5      | Entered Level 5 of the Dungeon
  3170 | D:5      | Noticed a sky beast
  3369 | D:4      | Found an ancient bone altar of Kikubaaqudgha.
  3403 | D:4      | Quit the game

Action                   |  1- 3 |  4- 6 || total
-------------------------+-------+-------++-------
Melee: Unarmed           |     7 |       ||     7
 Fire: Shortbow          |   145 |    13 ||   158
 Cast: Corona            |    50 |     3 ||    53
       Slow              |     1 |     3 ||     4
  Use: Scroll            |     1 |     1 ||     2
  Eat: Chunk             |     7 |     1 ||     8
